 Seeded DCSS version 0.30.1-4-g462c640d31 (webtiles) character file.

Game seed: 13072137714890895578 (custom seed)

2671 CarvArkoylaein the Cleaver (level 9, -1/78 HPs)
             Began as a Minotaur Fighter on Sept 11, 2023.
             Was an Initiate of Gozag.
             Succumbed to a swamp dragon's poison gas
             ... on level 8 of the Dungeon.
             The game lasted 00:33:08 (5482 turns).

CarvArkoylaein the Cleaver (Minotaur Fighter)       Turns: 5482, Time: 00:33:08

Health: -1/78      AC:  6    Str: 24    XL:     9   Next: 37%
Magic:  17/17      EV: 11    Int: 10    God:    Gozag
Gold:   31         SH:  0    Dex:  9    Spells: 7/8 levels left

rFire   . . .        q - +8 frozen axe "Frostbite" {freeze, freezing cloud, *Noise Fly rC+}
rCold   + . .        (shield currently unavailable)
rNeg    . . .        k - +0 ring mail of the Furrier {Int+3 Slay+3}
rPois   .            (helmet restricted)
rElec   .            (no cloak)
rCorr   .            (no gloves)
SInv    +            (no boots)
Will    .....        E - amulet "Nuaxzeps" {Regen+ SInv} Stlth
                     t - ring of wizardry
HPRegen 1.13/turn    D - ring of magical power
MPRegen 0.15/turn

%: wizardry (x1)
@: confused, lethally poisoned (-1 -> -22), ambrosia-drunk, flying
A: horns 2, retaliatory headbutt, large bone plates 1, no potion heal 1
a: Renounce Religion, Potion Petition, Call Merchant, Bribe Branch


You were on level 8 of the Dungeon.
You worshipped Gozag.
Gozag was noncommittal.
You visited 1 branch of the dungeon, and saw 8 of its levels.

You collected 1340 gold pieces.
You spent 740 gold pieces at shops.
You paid 569 gold pieces to Gozag.

Inventory:

Hand Weapons
 a - a +0 war axe
 q - the +8 frozen axe "Frostbite" (weapon) {freeze, freezing cloud, *Noise Fly rC+}
   (You found it on level 3 of the Dungeon)

   rC:        It protects you from cold.
   Fly:       It grants you flight.
   *Noise:    It may make noises in combat.
 y - the +7 trident of Insomnia {vamp, rCorr}
   (You found it on level 5 of the Dungeon)

   rCorr:     It protects you from acid and corrosion.
Armour
 b - a +0 scale mail
 c - a +0 buckler
 k - the +0 ring mail of the Furrier (worn) {Int+3 Slay+3}
   (You bought it in a shop on level 8 of the Dungeon)

   Int:       It affects your intelligence (+3).
   Slay:      It affects your accuracy & damage with ranged weapons and melee
   (+3).
Jewellery
 m - a ring of flight
 t - a ring of wizardry (left hand)
 D - a ring of magical power (right hand)
 E - the amulet "Nuaxzeps" (around neck) {Regen+ SInv}
   (You found it on level 7 of the Dungeon)

   [amulet of regeneration]

   SInv:      It lets you see invisible.
   Regen:     It increases your rate of health regeneration.
Wands
 F - a wand of iceblast (5)
Scrolls
 j - a scroll of enchant weapon {unknown}
 l - 4 scrolls of fog
 n - 2 scrolls of magic mapping
 p - a scroll of vulnerability {unknown}
 r - 3 scrolls of identify
 s - a scroll of noise {unknown}
 v - a scroll of enchant armour {unknown}
 w - a scroll of brand weapon {unknown}
 C - a scroll of blinking {unknown}
Potions
 d - 2 potions of might
 e - 2 potions of brilliance {unknown}
 f - 2 potions of heal wounds
 g - 2 potions of flight
 h - a potion of degeneration {unknown}
 i - 4 potions of curing
 o - a potion of invisibility {unknown}
 u - a potion of haste {unknown}
 x - a potion of lignification
 A - a potion of cancellation {unknown}
 B - 2 potions of berserk rage {unknown}


   Skills:
 + Level 6.5 Fighting
 + Level 11.7 Axes
 + Level 7.6 Armour
 + Level 2.4 Dodging
 + Level 1.1 Stealth
 + Level 4.8 Shields
 + Level 0.1 Ice Magic
 + Level 1.2 Evocations


You had 7 spell levels left.
You knew the following spells:

 Your Spells              Type           Power      Damage    Failure   Level
a - Freeze                Ice            0%         1d3       21%         1

Your spell library contained the following spells:

 Spells                   Type           Power      Damage    Failure   Level
 Sting                    Tmut/Pois      0%         1d3       22%         1
 Poisonous Vapours        Pois/Air       0%         N/A       32%         2
 Static Discharge         Conj/Air       0%         2-2/arc   32%         2
 Frozen Ramparts          Ice            0%         1d1       52%         3
 Hailstorm                Conj/Ice       0%         3d3       52%         3
 Mephitic Cloud           Conj/Pois/Air  0%         N/A       52%         3
 Airstrike                Air            0%         2d(0-16)  89%         4
 Olgreb's Toxic Radiance  Pois           0%         N/A       89%         4
 Summon Lightning Spire   Summ/Air       0%         N/A       89%         4
 Freezing Cloud           Conj/Ice/Air   0%         6-21      99%         5
 Haunt                    Necr/Summ      0%         N/A       100%        7
 Infestation              Necr           0%         N/A       100%        8
 Animate Dead             Necr           Unusable   N/A       N/A         4

Dungeon Overview and Level Annotations

Branches:
Dungeon (8/15)             Temple (0/1) D:6
   Lair: D:8-11

Altars:
Ashenzari
Cheibriados
Gozag
Ru
Trog
Uskayaw
Yredelemnul

Shops:
D:3 =*   D:8 [


Innate Abilities, Weirdness & Mutations

You have a pair of horns on your head.
You reflexively headbutt those who attack you in melee.
You are partially covered in large bone plates. (SH +4)
Potions are less effective at restoring your health.


Message History

Okay, then.
A swamp dragon comes into view.
The swamp dragon roars deafeningly!
The swamp dragon breathes poison at you.
Aiming: Freeze (safe; 21% risk of failure)
Press: ? - help, Q - select action, (/) - cycle Shift-Dir - straight line There's nothing close enough!
Aiming: Iceblast
Press: ? - help, Q - select action, (/) - cycle Shift-Dir - straight line, f - swamp dragon
Aim: a swamp dragon The mass of ice explodes!
The iceblast engulfs the swamp dragon.
The swamp dragon is lightly wounded.
You hear an angry buzzing noise. x2
The swamp dragon breathes poison at you.
The blast of poison engulfs you!
You are poisoned.
Unknown command.
Okay, then.
You are engulfed in poison gas.
You are more poisoned.
You feel very sick.
You are engulfed in poison gas.
You are more poisoned.
You feel extremely sick.
You slash the swamp dragon! You freeze the swamp dragon.
You headbutt the swamp dragon!
The swamp dragon is heavily wounded.
You are engulfed in poison gas.
You are more poisoned.
* * * LOW HITPOINT WARNING * * *
You feel extremely sick. The swamp dragon bites you!
* * * LOW HITPOINT WARNING * * *
The swamp dragon barely misses you. The swamp dragon tramples you.
* * * LOW HITPOINT WARNING * * *
You are shoved backwards!
You are confused.
Your system partially rejects the healing.
You feel invigorated.
You die...
Your body crumbles into a pile of gold.

##+###.≈§.§....§
##...##.≈.≈≈≈≈≈.≈.#
##.....#.≈.≈[..≈.≈.#
##........≈..._.≈.§.#
#.....°°..≈.≈...≈.≈.#
+...°°°°○.≈.≈≈°°≈.≈..
#....°.∩..≈.......≈.#
##..°.D°..≈≈§≈≈≈≈≈§.#
##..@.○#...........#
##...##..##.#...###
##+###.###.##.###
###.###......#
#........#.#.#
#.#.####.#.#.#
..#.####)#.#.#
#........#.#
##.......).#


You could see a swamp dragon.

Vanquished Creatures
  4 yaks (D:6)
  A wyvern (D:7)
  2 water moccasins (D:7)
  An ice beast (D:6)
  2 ogres (D:6)
  2 centaurs
  A phantom (D:5)
  2 bullfrogs (D:6)
  3 scorpions
  3 wights (D:8)
  2 lava snakes (D:7)
  2 orc priests
  3 hounds
  A jelly (D:7)
  5 iguanas
  2 sleepcaps
  4 orc wizards
  9 adders
  2 white imps (D:6)
  An ufetubus (D:6)
  A worm (D:4)
  3 dart slugs
  30 orcs
  9 endoplasms
  6 giant cockroaches
  6 goblins
  6 hobgoblins
  7 jackals
  5 quokkas
  7 ball pythons
  5 bats
  4 frilled lizards
  11 kobolds
  5 rats
157 creatures vanquished.

Notes
Turn   | Place    | Note
-------+----------+-------------------------------------------
     0 | D:1      | CarvArkoylaein the Minotaur Fighter began the quest for the
                  | Orb.
     0 | D:1      | Reached XP level 1. HP: 19/19 MP: 0/0
    74 | D:1      | Found a faded altar of an unknown god.
   118 | D:1      | Reached XP level 2. HP: 27/27 MP: 1/1
   385 | D:1      | Reached skill level 3 in Axes
   579 | D:2      | Reached XP level 3. HP: 33/33 MP: 2/2
  1304 | D:3      | Reached XP level 4. HP: 38/40 MP: 3/3
  1339 | D:3      | Found Heh Veopt's Jewellery Shop.
  1398 | D:3      | Found the +8 frozen axe "Frostbite" {freeze, freezing
                  | cloud, *Noise Fly rC+}
  1544 | D:3      | Found Gozag's Platinum Reserve.
  1545 | D:3      | Found an opulent altar of Gozag.
  1562 | D:3      | Became a worshipper of Gozag Ym Sagoz the Greedy
  1842 | D:4      | Noticed a scorpion
  1844 | D:4      | Killed a scorpion
  1845 | D:4      | Reached skill level 4 in Axes
  1845 | D:4      | Reached skill level 1 in Dodging
  1845 | D:4      | Reached XP level 5. HP: 46/46 MP: 4/4
  1924 | D:4      | Reached skill level 5 in Axes
  1971 | D:4      | Found a basalt altar of Yredelemnul.
  2209 | D:4      | Reached XP level 6. HP: 52/52 MP: 5/5
  2263 | D:4      | Reached skill level 5 in Armour
  2389 | D:4      | Reached skill level 6 in Axes
  2548 | D:5      | Entered Level 5 of the Dungeon
  2893 | D:5      | Reached XP level 7. HP: 58/60 MP: 6/6
  2927 | D:5      | Identified the +7 trident of Insomnia {vamp, rCorr}
  3044 | D:5      | Reached skill level 7 in Axes
  3440 | D:6      | Found a staircase to the Ecumenical Temple.
  3446 | D:6      | Reached skill level 5 in Fighting
  3446 | D:6      | Reached skill level 8 in Axes
  3586 | D:6      | Noticed a yak
  3586 | D:6      | Noticed a yak
  3590 | D:6      | Noticed a yak
  3594 | D:6      | Killed a yak
  3595 | D:6      | Reached skill level 9 in Axes
  3595 | D:6      | Reached XP level 8. HP: 37/68 MP: 7/7
  3605 | D:6      | Reached skill level 1 in Stealth
  3609 | D:6      | Reached skill level 10 in Axes
  3822 | D:6      | Found a hide-covered altar of Uskayaw.
  4449 | D:7      | Gained mutation: Your spells are a little easier to cast,
                  | but a little less powerful. [potion of mutation]
  4449 | D:7      | Gained mutation: Your body sometimes deteriorates upon
                  | taking damage. [potion of mutation]
  4449 | D:7      | Gained mutation: You are partially covered in iridescent
                  | scales. (AC +2) [potion of mutation]
  4450 | D:7      | Lost mutation: Your spells are a little easier to cast, but
                  | a little less powerful. [potion of mutation]
  4450 | D:7      | Lost mutation: Your body sometimes deteriorates upon taking
                  | damage. [potion of mutation]
  4450 | D:7      | Lost mutation: You are partially covered in iridescent
                  | scales. (AC +2) [potion of mutation]
  4450 | D:7      | Gained mutation: You are partially covered in iridescent
                  | scales. (AC +2) [potion of mutation]
  4450 | D:7      | Gained mutation: A frigid envelope surrounds you and
                  | freezes all who hurt you. [potion of mutation]
  4451 | D:7      | Lost mutation: You are partially covered in iridescent
                  | scales. (AC +2) [potion of mutation]
  4451 | D:7      | Lost mutation: A frigid envelope surrounds you and freezes
                  | all who hurt you. [potion of mutation]
  4451 | D:7      | Gained mutation: Your spells are a little harder to cast,
                  | but a little more powerful. [potion of mutation]
  4451 | D:7      | Gained mutation: You are partially covered in iridescent
                  | scales. (AC +2) [potion of mutation]
  4452 | D:7      | Lost mutation: You are partially covered in iridescent
                  | scales. (AC +2) [potion of mutation]
  4452 | D:7      | Lost mutation: Your spells are a little harder to cast, but
                  | a little more powerful. [potion of mutation]
  4452 | D:7      | Gained mutation: Potions are less effective at restoring
                  | your health. [potion of mutation]
  4452 | D:7      | Gained mutation: You are partially covered in large bone
                  | plates. (SH +4) [potion of mutation]
  4584 | D:7      | Found a broken altar of Ashenzari.
  4584 | D:7      | Found a snail-covered altar of Cheibriados.
  4593 | D:7      | Reached XP level 9. HP: 70/75 MP: 8/8
  4853 | D:7      | Found a sacrificial altar of Ru.
  4871 | D:7      | Reached skill level 11 in Axes
  5051 | D:7      | Identified the amulet "Nuaxzeps" {Regen+ SInv}
  5062 | D:7      | Learned a level 1 spell: Freeze
  5251 | D:7      | Reached skill level 1 in Evocations
  5414 | D:8      | Found a bloodstained altar of Trog.
  5446 | D:8      | Bought a heavily runed ring mail for 360 gold pieces
  5446 | D:8      | Identified the +0 ring mail of the Furrier {Int+3 Slay+3}
                  | (You bought it in a shop on level 8 of the Dungeon)
  5457 | D:8      | Bought a pair of bloodstained gloves for 380 gold pieces
  5457 | D:8      | Identified the +0 pair of gloves of Foypnag {-Cast rPois
                  | rN+ Str+2} (You bought it in a shop on level 8 of the
                  | Dungeon)
  5469 | D:8      | Noticed a swamp dragon
  5481 | D:8      | HP: 3/78 [swamp dragon (shapeshifter) (17)]
  5482 | D:8      | Succumbed to a swamp dragon's poison gas

Illustrated notes

Levels and vault maps discovered:
D:1:      saegor_arrival_simple_e, layout_rooms,
          dilly_ecumenical_altar_fadedgnrine
D:2:      layout_basic, serial_park_tiny_1, chequers_big_river, minmay_tall_x
D:3:      layout_basic, nicolae_gozag_zags_fifth_avenue, serial_shops, shop
D:4:      cheibrodos_old_hovel, layout_loops_ring, mainiacjoe_overflow_brackets
D:5:      layout_loops_ring
D:6:      layout_loops_ring, nicolae_uskayaw_murder_on_the_dancefloor,
          minmay_temple_entry_nine_rooms, nrook_campfire
D:7:      layout_gridville, nicolae_overflow_two_pavilions,
          amcnicky_altar_gilded
D:8:      cheibrodos_fzero, layout_loops_corners,
          mainiacjoe_overflow_concentric_impassable,
          nicolae_overflow_hallway_of_the_gods, nicolae_dithmenos_the_darkroom

Skill      XL: |  1  2  3  4  5  6  7  8  9 |
---------------+----------------------------+-----
Armour         | 4 5 7 |  7.6
Shields        | 4 |  4.8
Axes           | 3 4 5 6 9 10 11 | 11.7
Fighting       | 4 5 6 |  6.5
Dodging        | 1 2 |  2.4
Stealth        | 1 |  1.1
Evocations     | 1 |  1.2
Ice Magic      | |  0.1

Action                     |  1- 3 |  4- 6 |  7- 9 || total
---------------------------+-------+-------+-------++-------
  Melee: War axe           |   101 |     8 |       ||   109
         Headbutt          |    11 |     8 |    14 ||    33
         Executioner's axe |       |    97 |    83 ||   180
   Cast: Freeze            |       |       |     2 ||     2
 Invoke: Call Merchant     |       |       |     1 ||     1
  Evoke: Wand              |       |       |    11 ||    11
    Use: Scroll            |     1 |       |     8 ||     9
         Potion            |     1 |       |     5 ||     6
   Stab: Distracted        |       |     1 |       ||     1
 Armour: Scale mail        |    54 |    71 |    34 ||   159
  Dodge: Dodged            |    57 |    65 |    40 ||   162
  Block: Buckler           |    33 |       |       ||    33
         Other             |       |       |     4 ||     4
